Map: Rorschach LE

Players

ViBE - Winner!

  • Race: Protoss Protoss
  • League: Master

TheNAPs

  • Race: Terran Terran
  • League: Silver

VOD

Have the link to the VOD?

Description

Time

  • Played on: Oct. 15, 2026, 10:22 p.m.
  • Length: 10:37
Show
View Real Time Build Order
Export as new Build Order

ViBE Protoss - Winner!

Build Orders: 1 Gate Expand 

Get SALT Encoding   

  12  0:00  Probe  
  13  0:12  Probe  
  14  0:17  Pylon  
  14  0:24  Probe  
  15  0:36  Probe (Chrono Boost)  
  15  0:37  Gateway  
  16  0:47  Probe (Chrono Boost), Assimilator  
  17  0:52  Probe (Chrono Boost)  
  18  1:03  Probe  
  19  1:15  Probe  
  20  1:23  Nexus  
  20  1:27  Probe  
  21  1:34  Cybernetics Core  
  21  1:39  Probe  
  22  1:46  Pylon  
  22  1:51  Probe  
  23  1:54  Assimilator  
  23  2:04  Probe (Chrono Boost)  
  24  2:12  Stalker  
  24  2:13  Warp Gate, Probe (Chrono Boost)  
  27  2:19  Probe  
  27  2:21  Pylon  
  28  2:31  Probe (Chrono Boost)  
  28  2:34  Robotics Facility  
  28  2:35  Probe (Chrono Boost)  
  30  2:43  Stalker, Probe (Chrono Boost)  
  33  2:48  Probe (Chrono Boost)  
  33  2:49  Probe (Chrono Boost)  
  35  2:55  Shield Battery  
  35  2:56  Probe  
  36  2:58  Probe  
  37  3:08  Probe  
  37  3:10  Stalker, Probe  
  41  3:21  Probe (Chrono Boost)  
  41  3:23  Immortal  
  47  3:27  Probe (Chrono Boost)  
  47  3:32  Probe (Chrono Boost)  
  48  3:36  Pylon  
  48  3:37  Probe x2 (Chrono Boost)  
  48  3:39  Stalker  
  52  3:47  Probe  
  54  3:48  Probe  
  54  3:54  Nexus  
  54  4:00  Probe x2  
  56  4:05  Immortal  
  60  4:11  Stalker  
  60  4:13  Pylon  
  62  4:20  Pylon  
  62  4:22  Pylon  
  62  4:25  Pylon  
  62  4:31  Probe x2  
  62  4:37  Assimilator  
  62  4:38  Assimilator, Stalker  
  66  4:43  Probe (Chrono Boost)  
  66  4:44  Probe (Chrono Boost)  
  68  4:49  Immortal  
  74  4:53  Probe x2 (Chrono Boost)  
  74  4:56  Pylon  
  74  5:01  Probe  
  74  5:02  Probe  
  74  5:06  Probe  
  77  5:10  Stalker  
  77  5:13  Probe  
  77  5:14  Probe  
  81  5:17  Gateway x2  
  81  5:18  Probe  
  82  5:23  Pylon  
  82  5:25  Probe  
  82  5:26  Pylon, Probe  
  82  5:27  Immortal (Chrono Boost)  
  84  5:30  Probe  
  89  5:37  Probe  
  89  5:38  Probe  
  89  5:39  Pylon  
  89  5:41  Stalker  
  89  5:42  Probe  
  94  5:49  Probe  
  95  5:50  Probe  
  95  5:54  Probe  
  95  6:00  Immortal (Chrono Boost)  
  95  6:03  Nexus  
  99  6:04  Pylon  
  99  6:07  Pylon  
  99  6:08  Stalker  
  99  6:09  Stalker x2  
  105  6:13  Probe x3  
  105  6:18  Assimilator x2  
  108  6:21  Pylon  
  108  6:25  Immortal (Chrono Boost), Probe x3  
  115  6:34  Stalker x2  
  115  6:35  Stalker  
  115  6:39  Probe x3  
  124  6:51  Probe  
  124  6:52  Probe x2  
  127  7:02  Stalker x3  
  127  7:03  Immortal (Chrono Boost)  
  127  7:05  Probe x3  
  140  7:19  Forge  
  140  7:20  Forge  
  140  7:26  Stalker x3, Nexus  
  140  7:29  Pylon  
  146  7:32  Pylon  
  146  7:33  Gateway  
  146  7:34  Gateway  
  146  7:37  Gateway, Immortal (Chrono Boost)  
  146  7:39  Protoss Ground Weapons Level 1 (Chrono Boost), Gateway, Protoss Ground Armor Level 1 (Chrono Boost)  
  150  7:52  Stalker x3  
  156  8:00  Twilight Council  
  156  8:08  Immortal (Chrono Boost)  
  160  8:15  Stalker x2  
  160  8:16  Stalker  
  166  8:29  Gateway  
  166  8:30  Stalker x2, Gateway  
  166  8:31  Stalker x2  
  174  8:34  Gateway  
  174  8:39  Gateway  
  172  8:42  Assimilator  
  172  8:43  Immortal (Chrono Boost), Assimilator  
  172  8:44  Stalker x2  
  172  8:45  Stalker  
  180  8:57  Stalker x4  
  188  9:12  Immortal (Chrono Boost), Stalker x3  
  198  9:20  Stalker  
  200  9:38  Robotics Facility  
  200  9:39  Robotics Facility  
  200  9:41  Gateway  
  200  9:43  Gateway  
  200  9:47  Photon Cannon  
  200  9:49  Shield Battery  
  200  9:51  Photon Cannon  
  200  9:53  Shield Battery  
  200  10:01  Photon Cannon  
  200  10:03  Shield Battery  
  200  10:06  Photon Cannon  
  200  10:09  Shield Battery, Photon Cannon  
  200  10:11  Shield Battery  
  182  10:20  Stalker x5  
  182  10:21  Stalker x6  
Show
View Real Time Build Order
Export as new Build Order

TheNAPs Terran 

Build Orders:  

Get SALT Encoding   

  12  0:00  SCV  
  13  0:16  Supply Depot  
  13  0:37  SCV  
  13  0:40  Barracks  
  14  0:45  Barracks  
  14  0:49  SCV  
  15  0:54  Refinery  
  15  1:01  SCV  
  16  1:08  Barracks  
  17  1:33  Refinery  
  17  1:38  Orbital Command  
  16  1:42  Supply Depot  
  16  1:44  Barracks Tech Lab  
  16  1:58  Barracks Reactor  
  16  2:02  Barracks Tech Lab  
  16  2:05  Barracks  
  16  2:10  SCV  
  17  2:22  SCV  
  18  2:31  Factory  
  18  2:42  SCV  
  19  2:45  Marine x2  
  21  2:52  Barracks Tech Lab  
  21  2:54  SCV  
  22  3:00  Stimpack  
  22  3:03  Marine x2  
  24  3:07  SCV  
  25  3:19  SCV  
  26  3:21  Marine x2, Marauder  
  30  3:32  Supply Depot  
  30  3:40  Supply Depot  
  30  3:47  SCV  
  31  3:53  Marauder x2  
  35  3:55  Supply Depot  
  35  3:59  SCV, Marine x2  
  38  4:11  SCV  
  38  4:14  Supply Depot  
  39  4:19  Starport  
  39  4:21  Marine x2  
  41  4:32  Supply Depot  
  41  4:38  Combat Shield  
  41  4:40  SCV  
  42  4:49  Marine x2  
  42  4:52  SCV  
  46  4:57  Marauder  
  46  4:58  Marauder  
  49  5:04  Medivac  
  51  5:19  Marine  
  51  5:20  Marine x3  
  55  5:37  Marine x2  
  55  5:38  Marine, Marauder  
  49  5:55  Marine  
  49  5:56  Marauder  
  47  6:24  Marauder x2  
  51  6:33  Marine  
  51  6:34  Marine  
  53  6:45  Marauder  
  53  6:46  Marauder  
  57  6:51  Marine  
  58  7:07  Marauder x2  
  62  7:23  Command Center  
  62  7:30  Supply Depot  
  62  7:35  Supply Depot  
  62  7:39  Barracks  
  62  7:50  Concussive Shells  
  62  7:51  Medivac  
  62  7:52  Marauder x2  
  62  7:53  Supply Depot  
  68  7:58  Supply Depot  
  68  8:13  Marauder x2  
  68  8:17  Supply Depot  
  72  8:21  Medivac  
  72  8:23  Supply Depot  
  72  8:24  Marine x2  
  72  8:26  SCV  
  77  8:34  Marauder x2  
  77  8:38  Orbital Command, SCV  
  82  8:43  Marine x2  
  84  8:51  Medivac  
  86  8:56  Marauder x2  
  90  9:06  Barracks Reactor  
  90  9:17  Marauder x2  
  90  9:18  SCV x2  
  96  9:25  Marine x2  
  96  9:30  SCV x2  
  100  9:39  Marauder x2  
  100  9:42  SCV  
  100  9:43  Marine, SCV  
  107  9:49  Marine  
  108  9:55  Supply Depot  
  108  10:00  Marauder x2, Marine  
  108  10:11  Marine  
  87  10:18  Marine  
Tags
 
Add a new tag
Caveats
  • Supply blocks, unpowered buildings, or Contaminate may cause inaccurate times.
  • Supply counts are checked every 10 seconds.